 Dungeon Crawl Stone Soup version 0.28.0-53-g5a82cb258f (webtiles) character file.

Game seed: 14399766925749342383

196 Descartes the Covert (level 5, -3/24 HPs)
             Began as a Felid Delver on July 14, 2022.
             Slain by a river rat (8 damage)
             ... in a sewer.
             The game lasted 00:03:39 (1703 turns).

Descartes the Covert (Felid Delver)                 Turns: 1703, Time: 00:03:40

Health: -3/24      AC:  2    Str: 10    XL:     5   Next: 45%
Magic:  6/6        EV: 19    Int: 12    God:
Gold:   85         SH:  0    Dex: 17    Spells: 4/4 levels left
                                        Lives:  0   Deaths: 1

rFire   . . .      SeeInvis +     - Unarmed
rCold   . . .      Faith    .   (shield unavailable)
rNeg    . . .      Spirit   .   (armour unavailable)
rPois   .          Reflect  .   (helmet unavailable)
rElec   .          Harm     .   (cloak unavailable)
rCorr   .          Rampage  .   (gloves unavailable)
Will    .....                   (boots unavailable)
Stlth   ++++......              (no amulet)
HPRegen 0.08/turn               (no ring)
MPRegen 0.10/turn               (no ring)

@: hasted, very quick
A: very small, claws 1, fangs 3, see invisible, speed 1, shaggy fur 2, stealthy
paws, no weapons or thrown items, no armour, multi-lived
a: no special abilities


You were in a sewer.
You visited 2 branches of the dungeon, and saw 4 of its levels.
You also visited: Sewer.

You collected 85 gold pieces.

Inventory:

Wands
 e - a wand of digging (3)
Scrolls
 a - a scroll of fog
 b - 2 scrolls of magic mapping
 c - 2 scrolls of fear
 f - 2 scrolls of identify {unknown}
 g - 2 scrolls of teleportation {unknown}
Potions
 h - a potion of heal wounds {unknown}
 j - a potion of attraction {unknown}


   Skills:
 - Level 3.0 Fighting
 + Level 4.9 Dodging
 * Level 9.4 Stealth
 + Level 3.7 Unarmed Combat


You had 4 spell levels left.
You didn't know any spells.
Your spell library was empty.

Dungeon Overview and Level Annotations

Branches:
Dungeon (5/15)             Temple (1/1) D:5           Sewer (1/1)

Altars:
Ashenzari
Dithmenos
Gozag
Qazlal
Ru
Sif Muna
Trog
Vehumet
Yredelemnul
Zin
The Shining One

Shops:
D:3 [   D:4 :(:


Innate Abilities, Weirdness & Mutations

You have sharp claws.
You have razor-sharp teeth.
You have supernaturally acute eyesight. (SInv)
You cover ground quickly. (Speed+)
You are covered in thick fur. (AC +2)
Your paws help you pounce on unaware monsters.
You are incapable of wielding weapons or throwing items.
You cannot wear armour.
You gain extra lives every three experience levels.


Message History

You barely miss the adder. Your bite misses the adder.
The adder is moderately wounded.
The river rat closely misses you. The adder bites you.
The ball python closely misses you. The ball python grabs you.
The ball python constricts you.
You closely miss the adder. You bite the adder.
The adder is severely wounded.
The river rat closely misses you. The adder barely misses you.
You barely miss the adder.
The adder is severely wounded.
The ball python completely misses you. The ball python constricts you.
You claw the adder!
You kill the adder!
The ball python bites you.
* * * LOW HITPOINT WARNING * * *
The ball python constricts you. The river rat bites you.
* * * LOW HITPOINT WARNING * * *
You escape the ball python's grasp.
You see here an adder corpse.
You closely miss the ball python. You bite the ball python.
You kill the ball python!
You enter the shallow water.
Moving in this stuff is going to be slow.
The river rat misses you.
You see here a ball python corpse.
The river rat completely misses you.
You scratch the river rat.
The river rat is lightly wounded.
You closely miss the river rat. Your claw misses the river rat.
The river rat is lightly wounded.
The river rat closely misses you.
You scratch the river rat but do no damage.
The river rat is lightly wounded.
The river rat barely misses you.
You barely miss the river rat.
The river rat is lightly wounded.
You scratch the river rat.
The river rat is moderately wounded.
The river rat bites you!
You die...

#≈≈≈≈≈≈#
##..≈÷≈#
#≈≈≈#≈.#
#≈≈.(.≈#
#≈≈≈≈≈≈#
##.≈≈.##
#≈≈≈≈≈≈#
#≈≈≈≈†≈#
#≈≈≈≈≈≈#
#≈≈≈≈≈≈#
#≈≈≈≈#≈#
#≈≈≈≈≈≈#
#≈≈≈≈≈≈#
#≈≈≈≈≈≈#
#≈≈≈≈≈≈#
#≈≈≈≈≈≈#
#.≈≈.≈##
#.@†≈≈##
##......#
#.†r...#
#.†....##
##......#
.......#
#.......#
......##
##........
...####
####.....
#### ###..
# ##


You could see a river rat.

Vanquished Creatures
  An ice beast (D:4)
  A scorpion (D:4)
  A jelly (D:5)
  An iguana (D:4)
  7 adders
  4 river rats (Sewer)
  An adder skeleton (D:4)
  6 ball pythons
  A bat (D:3)
  A goblin (D:4)
  A hobgoblin (D:3)
  A kobold (D:4)
  5 quokkas (D:3)
  A frilled lizard (Sewer)
  17 rats (Sewer)
49 creatures vanquished.

Notes
Turn   | Place    | Note
-------+----------+-------------------------------------------
     0 | D:5      | Descartes the Felid Delver began the quest for the Orb.
     0 | D:5      | Reached XP level 1. HP: 10/10 MP: 2/2
     9 | Temple   | Entered the Ecumenical Temple
   227 | D:5      | Found a bloodstained altar of Trog.
   253 | D:5      | Reached XP level 2. HP: 14/14 MP: 3/3
   265 | D:5      | Reached skill level 7 in Stealth
   265 | D:5      | Reached XP level 3. HP: 14/17 MP: 4/4
   328 | D:5      | Noticed an ogre
   409 | D:4      | Noticed a scorpion
   412 | D:4      | Killed a scorpion
   413 | D:4      | Reached skill level 8 in Stealth
   413 | D:4      | Reached XP level 4. HP: 21/21 MP: 5/5
   421 | D:4      | Found Kaseophu's Book Emporium.
   422 | D:4      | Found Tarott's Weapon Shoppe.
   422 | D:4      | Found Bienakef's Book Shop.
   515 | D:4      | Reached XP level 5. HP: 11/24 MP: 6/6
   787 | D:4      | Noticed an ice beast
   794 | D:4      | Killed an ice beast
   854 | D:3      | Found a broken altar of Ashenzari.
   857 | D:3      | Reached skill level 9 in Stealth
   874 | D:3      | Found Daugg's Armour Shoppe.
   890 | D:3      | Found a glowing drain.
   918 | Sewer    | Entered a sewer
  1026 | Sewer    | Gained mutation: You are covered in thick fur. (AC +2)
                  | [Felid growth]
  1026 | Sewer    | Reached XP level 6. HP: 19/28 MP: 7/7
  1430 | Sewer    | Slain by a river rat
  1431 | Sewer    | Reached XP level 5. HP: -5/24 MP: 6/6
  1686 | Sewer    | HP: 1/24 [ball python (1)]
  1703 | Sewer    | Slain by a river rat

Illustrated notes

Levels and vault maps discovered:
D:3:      layout_rooms, lemuel_crystal_altar, portal_sewer_entry_f,
          serial_shops, shop_scrolls, nicolae_shop_statue_plus,
          nicolae_shop_competitors_out_of_business, serial_park_tiny_pond
D:4:      layout_basic, nicolae_wooded_promenade, kennysheep_generic_room_9
D:5:      layout_basic, mainiacjoe_overflow_alcove_1, amcnicky_altar_gilded,
          kennysheep_mini_moat, minmay_temple_entry_junction
Temple:   jpeg_temple_island
Sewer:    sewer_minmay_w

Skill      XL: |  1  2  3  4  5 |
---------------+----------------+-----
Dodging        | 3 4 |  4.9
Stealth        | 7 8 9 |  9.4
Unarmed Combat | 3 |  3.7
Fighting       | |  3.0

Action                   |  1- 3 |  4- 6 || total
-------------------------+-------+-------++-------
Melee: Unarmed           |    11 |   163 ||   174
       Bite              |     3 |    15 ||    18
       Punch             |     1 |     5 ||     6
  Use: Potion            |       |     4 ||     4
       Scroll            |       |     1 ||     1
 Stab: Sleeping          |     2 |     9 ||    11
Armor: Skin              |     1 |    12 ||    13
Dodge: Dodged            |     6 |   177 ||   183
